 Dungeon Crawl Stone Soup version 0.26-b1-32-g5d43845318 (webtiles) character file.

Game seed: 13607223636448774999

126 polelong the Grave Robber (level 4, -4/30 HPs)
             Began as a Demonspawn Necromancer on Jan 9, 2021.
             Killed by nerve-wracking pain
             ... invoked by Grinder
              (11 damage)
             ... while paralysed by Grinder
             ... on level 3 of the Dungeon.
             The game lasted 00:21:54 (3994 turns).

polelong the Grave Robber (Demonspawn Necromancer)  Turns: 3994, Time: 00:21:54

Health: -4/30      AC: 12    Str:  6 (8)  XL:     4   Next: 84%
Magic:  4/7        EV:  2    Int: 14 (17) God:
Gold:   163        SH:  0    Dex:  9 (10) Spells: 2/7 levels left

rFire    . . .     SeeInvis +   b - -2 hand axe (curse)
rCold    . . .     Faith    .   (no shield)
rNeg     . . .     Spirit   .   a - +0 robe
rPois    .         Reflect  .   j - +2 helmet {SInv}
rElec    .         Harm     .   (no cloak)
rCorr    .         Rampage  .   (no gloves)
Will     .....                  (no boots)
Stlth    ++........             (no amulet)
HPRegen  0.00/turn              e - -4 ring of dexterity (curse)
MPRegen  0.10/turn              (no ring)

@: paralysed, sanguine armour
A: blink, powered by pain 1, shaggy fur 1, inhibited regeneration, wild magic 1,
sanguine armour 1
a: Blink


You were on level 3 of the Dungeon.
You visited 1 branch of the dungeon, and saw 4 of its levels.

You collected 163 gold pieces.

Inventory:

Hand Weapons
 b - a cursed -2 hand axe (weapon)
 g - a +0 whip of electrocution
 i - a +0 hand axe
 k - a +0 hand axe
Armour
 a - a +0 robe (worn)
 j - a +2 helmet of see invisible (worn)
Jewellery
 e - a cursed -4 ring of dexterity (left hand)
Wands
 n - a wand of paralysis (3)
Scrolls
 l - a scroll of identify
Potions
 c - a potion of brilliance


   Skills:
 + Level 0.1 Fighting
 + Level 0.1 Axes
 + Level 1.8 Dodging
 * Level 3.0 Stealth
 + Level 2.4 Spellcasting
 * Level 5.9 Necromancy


You had 2 spell levels left.
You knew the following spells:

 Your Spells              Type           Power        Failure   Level
a - Pain                  Necr           92%          3%          1
b - Animate Skeleton      Necr           46%          3%          1
c - Vampiric Draining     Necr           11%          10%         3

Your spell library contained the following spells:

 Spells                   Type           Power        Failure   Level
 Animate Dead             Necr           11%          26%         4
 Agony                    Necr           23%          56%         5


Dungeon Overview and Level Annotations

Branches:
Dungeon (4/15)
 Temple: D:4-7

Altars:

Annotations:
D:3 Grinder


Innate Abilities, Weirdness & Mutations

You sometimes gain a little power by taking damage.
When seriously injured, your bleeding wounds create armour. (AC +6)
You can translocate small distances at will.
You are covered in fur. (AC +1)
You do not regenerate when monsters are visible.
Your spells are a little harder to cast, but a little more powerful.


Message History

The centaur skeleton hits you but does no damage.
There is an open door here.
The phantom blinks!
The centaur skeleton hits you but does no damage.
You see here a +0 short sword.
The centaur skeleton closely misses you.
There is a stone staircase leading up here.
The centaur skeleton closely misses you.
You climb upwards.
Level annotation: Grinder Grinder says, "At least Makhleb appreciates what I'm doing."
There is a stone staircase leading down here.
Unknown command.
Grinder gestures at you.
You barely resist. Grinder gestures at you.
You suddenly lose the ability to move!
Grinder gestures at you. Pain shoots through your body!
You die...

......# #..#..............#.....
.#....# #..#...##...............
.#....####..#...##.....######+###
................##.....# #....
................##.....# #....
.....#...##.#...##.....######....
.....#.#.##.#...##..#.........#..
................##.......###.....
...........>.5..@........###..#.#
........)................#.......
...#.#..........#..#.....+.......
...#.#.#..#.....#..#.)...#.#..#..
................#..#.....#.#.....
.....#.#..#.....#..#.....#.#...#.
.....#.#[.#..#..#..#.....#.#...#.
..........#.....#..###..##†#..##.
(.........#.....#................


You could see Grinder.

Vanquished Creatures
  A worker ant (D:4)
  Terence (D:2)
  An adder (D:2)
  An ooze (D:3)
  A worm (D:3)
  A dart slug (D:1)
  4 orcs (D:4)
  5 giant cockroaches
  8 goblins
  3 hobgoblins
  8 jackals
  5 kobolds
  A quokka (D:2)
  A ball python (D:3)
  4 bats
  5 frilled lizards
  3 rats
53 creatures vanquished.

Vanquished Creatures (collateral kills)
  A jackal (D:3)
1 creature vanquished.

Vanquished Creatures (others)
  A plant (D:1)
1 creature vanquished.

Grand Total: 55 creatures vanquished

Notes
Turn   | Place    | Note
-------+----------+-------------------------------------------
     0 | D:1      | polelong the Demonspawn Necromancer began the quest for the
                  | Orb.
     0 | D:1      | Reached XP level 1. HP: 13/13 MP: 3/3
   486 | D:1      | Gained mutation: When seriously injured, your bleeding
                  | wounds create armour. (AC +6) [demonic ancestry]
   486 | D:1      | Reached XP level 2. HP: 5/19 MP: 1/5
   805 | D:1      | Learned a level 1 spell: Animate Skeleton
  1164 | D:2      | Noticed Terence
  1389 | D:2      | Reached skill level 5 in Necromancy
  1847 | D:2      | Reached XP level 3. HP: 22/24 MP: 3/6
  2608 | D:2      | Killed Terence
  2799 | D:3      | Gained mutation: You sometimes gain a little power by
                  | taking damage. [demonic ancestry]
  2799 | D:3      | Reached XP level 4. HP: 29/30 MP: 5/7
  3292 | D:3      | Noticed Grinder
  3544 | D:3      | Learned a level 3 spell: Vampiric Draining
  3657 | D:3      | Paralysed by Grinder for 5 turns
  3731 | D:4      | Gained mutation: You do not regenerate when monsters are
                  | visible. [potion of mutation]
  3731 | D:4      | Gained mutation: You are agile. (Dex +2) [potion of
                  | mutation]
  3731 | D:4      | Gained mutation: You expend magic power (3 MP) to
                  | strengthen your wands. [potion of mutation]
  3731 | D:4      | Gained mutation: You can translocate small distances at
                  | will. [potion of mutation]
  3783 | D:4      | Lost mutation: You expend magic power (3 MP) to strengthen
                  | your wands. [potion of mutation]
  3783 | D:4      | Lost mutation: You are agile. (Dex +2) [potion of mutation]
  3783 | D:4      | Gained mutation: You are covered in fur. (AC +1) [potion of
                  | mutation]
  3783 | D:4      | Gained mutation: Your spells are a little harder to cast,
                  | but a little more powerful. [potion of mutation]
  3844 | D:4      | Noticed a phantom
  3993 | D:3      | Paralysed by Grinder for 5 turns
  3994 | D:3      | Killed from afar by Grinder

Illustrated notes

Levels and vault maps discovered:
D:1:      dpeg_arrival_orchard, layout_loops_cross, roderic_lattice_a
D:2:      layout_basic, uniq_terence
D:3:      layout_basic, uniq_grinder
D:4:      layout_loops_corners, grunt_gozag_breadcrumbs,
          corexii_item_surrounded_by_moat

Skill      XL: |  1  2  3  4 |
---------------+-------------+-----
Necromancy     | 5 |  5.9
Stealth        | 2 3 |  3.0
Fighting       | |  0.1
Axes           | |  0.1
Dodging        | |  1.8
Spellcasting   | |  2.4

Action                   |  1- 3 |  4- 6 || total
-------------------------+-------+-------++-------
Melee: Hand axe          |    22 |    34 ||    56
 Cast: Pain              |    55 |    25 ||    80
       Animate Skeleton  |     2 |     3 ||     5
       Vampiric Draining |       |    10 ||    10
 Abil: Blink             |       |     1 ||     1
  Use: Scroll            |     5 |     3 ||     8
       Potion            |     1 |     5 ||     6
Armor: Robe              |    18 |    42 ||    60
Dodge: Dodged            |    44 |    71 ||   115
